 Dungeon Crawl Stone Soup version 0.31-a0-198-g2ad674f65e (webtiles) character file.

Game seed: 2189802752864117513

2954 qw the Markself (level 9, -4/51 HPs)
             Began as a Deep Elf Hunter on June 25, 2023.
             Was a Believer of Okawaru.
             Slain by a two-headed ogre
             ... wielding a +0 giant club
              (28 damage)
             ... on level 9 of the Dungeon.
             The game lasted 00:02:37 (6560 turns).

qw the Markself (Deep Elf Hunter)                   Turns: 6560, Time: 00:02:37

Health: -4/51      AC:  9    Str: 12    XL:     9   Next: 52%
Magic:  13/14      EV: 16    Int: 15    God:    Okawaru [**....]
Gold:   387        SH:  0    Dex: 18    Spells: 8/8 levels left

rFire   . . .        k - +2 orcbow
rCold   . . .        (shield currently unavailable)
rNeg    . . .        b - +1 ring mail
rPois   +            m - +0 helmet
rElec   .            (no cloak)
rCorr   .            o - +0 pair of gloves
SInv    +            (no boots)
Will    .....        i - amulet of faith
Stlth   +++          e - ring of see invisible
HPRegen 0.28/turn    c - ring of poison resistance
MPRegen 0.14/turn

%: faith
@: heroic
A: no striking features
a: Renounce Religion, Heroism


You were on level 9 of the Dungeon.
You worshipped Okawaru.
Okawaru was pleased with you.
You visited 2 branches of the dungeon, and saw 10 of its levels.

You collected 387 gold pieces.


   Skills:
 + Level 3.6(8.6) Fighting
 - Level 15.2(20.2) Ranged Weapons
 - Level 1.1(6.1) Armour
 - Level 5.2(10.2) Dodging
 - Level 1.2(6.2) Stealth
 - Level 4.0 Invocations


You had 8 spell levels left.
You didn't know any spells.
Your spell library was empty.

Inventory:

Hand Weapons
 k - a +2 orcbow (weapon)
Armour
 a - the scarf "Wysk" {harm, rC+ Str+3}
   (You acquired it on level 1 of the Dungeon)

   Str:       It affects your strength (+3).
   rC:        It protects you from cold.
 b - a +1 ring mail (worn)
 m - a +0 helmet (worn)
 o - a +0 pair of gloves (worn)
Jewellery
 c - a ring of poison resistance (right hand)
 e - a ring of see invisible (left hand)
 h - a +6 ring of strength
 i - an amulet of faith (around neck)
 q - the amulet "Biul Yschyuh" {Reflect Contam SH+5 SInv Stlth+}
   (You acquired it on level 5 of the Dungeon)

   [amulet of reflection]

   It reflects blocked missile attacks.
   SInv:      It lets you see invisible.
   Contam:    It causes magical contamination when unequipped.
   SH:        It affects your SH (+5).
   Stlth:     It makes you more stealthy.
 s - a ring of positive energy
Scrolls
 f - 6 scrolls of identify
 n - a scroll of poison {unknown}
Potions
 d - a potion of haste
 g - 2 potions of might
 j - 4 potions of curing
 l - a potion of cancellation {unknown}

Dungeon Overview and Level Annotations

Branches:
Dungeon (9/15)             Temple (1/1) D:4
   Lair: D:8-11         Orc: D:9-12

Altars:
Ashenzari
Cheibriados
Dithmenos
Elyvilon
Fedhas
Gozag
Hepliaklqana
Kikubaaqudgha
Makhleb
Nemelex Xobeh
Okawaru
Qazlal
Ru
Sif Muna
Trog
Uskayaw
Vehumet
Wu Jian
Xom
Yredelemnul
Zin
The Shining One

Shops:
D:4 (

Annotations:
D:5 1 runed translucent door, Crazy Yiuf


Message History

Found a scroll of fog.
Enter note: A two-headed ogre comes into view.
It is wielding a +0 giant club and a +0 dire flail.
The two-headed ogre shouts in stereo!
Enter note:
6549 ||| INVOKING Heroism.
You gain the combat prowess of a mighty hero.
You shoot an arrow. The arrow hits the two-headed ogre!
The two-headed ogre is moderately wounded.
You shoot an arrow. The arrow hits the two-headed ogre.
The two-headed ogre is moderately wounded.
You start resting.
A two-headed ogre is nearby!
You shoot an arrow. The arrow hits the two-headed ogre!
The two-headed ogre is heavily wounded.
You shoot an arrow. The arrow hits the two-headed ogre.
The two-headed ogre is heavily wounded.
The two-headed ogre hits you with a +0 giant club.
The two-headed ogre barely misses you.
You shoot an arrow.
The arrow hits the two-headed ogre but does no damage.
The two-headed ogre is heavily wounded.
You shoot an arrow.
The arrow hits the two-headed ogre but does no damage.
The two-headed ogre is heavily wounded.
The two-headed ogre hits you but does no damage. x2
You shoot an arrow. The arrow hits the two-headed ogre!
The two-headed ogre is severely wounded.
You shoot an arrow.
The arrow hits the two-headed ogre but does no damage.
The two-headed ogre is severely wounded.
The two-headed ogre hits you with a +0 giant club!
The two-headed ogre hits you with a +0 dire flail.
You shoot an arrow. The arrow hits the two-headed ogre!
The two-headed ogre is almost dead.
You shoot an arrow. The arrow hits the two-headed ogre!
The two-headed ogre is almost dead.
The two-headed ogre hits you with a +0 giant club!!
Ouch! That really hurt!
You die...

#..###. ...?... ....#.
### ..... ..# #...##
#.# #....# #.# #..##
#.# # #O@.# #.#.#
.......#.####.#.#.###
.###.###.............
# #..# #.#
######.#.#.### #
#.#..# #.# #.# # #.
#.#..###.##### #.# #..
............# #.#
#..###..###.###.####.#
#....................#


You could see a two-headed ogre.

Vanquished Creatures
  A shadow (D:8)
  3 yaks (D:8)
  A steam dragon (D:7)
  A water moccasin (D:8)
  A black bear (D:6)
  2 orc warriors
  An ice beast (D:5)
  3 centaurs
  3 ogres
  A phantom (D:5)
  A bullfrog (D:8)
  A kobold brigand (D:7)
  A scorpion (D:5)
  3 howler monkeys
  4 hounds
  3 orc priests
  3 jellies
  A gnoll bouda (D:6)
  5 iguanas
  A sleepcap (D:4)
  4 orc wizards
  A mummy (D:3)
  6 adders
  11 gnolls
  A shadow imp (D:8)
  A white imp (D:7)
  3 worms
  3 dart slugs
  22 orcs
  7 endoplasms
  4 giant cockroaches
  2 goblins
  6 hobgoblins
  A quokka (D:2)
  4 ball pythons
  7 bats
  4 frilled lizards
  14 kobolds
  7 rats
148 creatures vanquished.

Notes
Turn   | Place    | Note
-------+----------+-------------------------------------------
     0 | D:1      | qw the Deep Elf Hunter began the quest for the Orb.
     0 | D:1      | Reached XP level 1. HP: 12/12 MP: 3/3
     0 | D:1      | 0 ||| qw: Version: 0.3-a-22-g0ed2b0b
     0 | D:1      | 0 ||| qw: Game counter: 5204
     0 | D:1      | 0 ||| qw: Melee chars always use a shield: true
     0 | D:1      | 0 ||| qw: God list: Okawaru
     0 | D:1      | 0 ||| qw: Allow faded altars: false
     0 | D:1      | 0 ||| qw: Do Orc after clearing Dungeon:15 true
     0 | D:1      | 0 ||| qw: Do second Lair branch before Depths: true
     0 | D:1      | 0 ||| qw: Lair rune preference: random
     0 | D:1      | 0 ||| qw: Goals: Normal
     0 | D:1      | 0 ||| PLANNING D:1-11
   358 | D:1      | Reached skill level 6 in Ranged Weapons
   358 | D:1      | Reached XP level 2. HP: 14/16 MP: 4/4
   603 | D:1      | 603 ||| UPGRADING to amulet of faith.
   608 | D:1      | 608 ||| READING scroll labelled DAOWUX SIUFF.
   609 | D:1      | 609 ||| READING scroll labelled ZEFUOCAFIZI.
   609 | D:1      | Identified a scroll of acquirement
   609 | D:1      | 609 ||| ACQUIRING scarf "Wysk" {harm, rC+ Str+3}
   609 | D:1      | Acquired the scarf "Wysk" {harm, rC+ Str+3}
   611 | D:1      | 611 ||| READING 3 scrolls labelled NAICVI IREKOE.
   612 | D:1      | 612 ||| READING scroll labelled OSHRUAW IXKIT.
   613 | D:1      | 613 ||| READING scroll labelled YTEKO NOIG.
   614 | D:1      | 614 ||| READING 2 scrolls of identify.
   614 | D:1      | 614 ||| IDENTIFYING black potion
   615 | D:1      | 615 ||| DROPPING scroll of butterflies.
   756 | D:2      | Reached XP level 3. HP: 20/20 MP: 5/5
   775 | D:2      | 775 ||| Stepping ~*~*~tactically~*~*~ (outnumbered).
   777 | D:2      | 777 ||| Stepping ~*~*~tactically~*~*~ (outnumbered).
  1091 | D:2      | Reached skill level 7 in Ranged Weapons
  1289 | D:2      | 1289 ||| UPGRADING to +0 ring mail.
  1299 | D:2      | 1299 ||| DROPPING +0 leather armour.
  1300 | D:2      | 1300 ||| UPGRADING to ring of see invisible.
  1301 | D:2      | 1301 ||| READING scroll labelled NUQULA QOTHROXT.
  1325 | D:3      | Reached XP level 4. HP: 25/25 MP: 6/6
  1394 | D:3      | HP: 5/25 [orc/+0 club (2)]
  1395 | D:3      | Reached skill level 8 in Ranged Weapons
  1635 | D:3      | Found a shadowy altar of Dithmenos.
  1714 | D:3      | Found a snail-covered altar of Cheibriados.
  1997 | D:3      | Found a hide-covered altar of Uskayaw.
  1999 | D:3      | Reached XP level 5. HP: 29/29 MP: 7/7
  2136 | D:3      | 2136 ||| UPGRADING to ring of poison resistance.
  2137 | D:3      | 2137 ||| READING scroll labelled ZIUXY QEALO.
  2138 | D:3      | 2138 ||| READING scroll labelled WYFEYL SIJU.
  2177 | D:4      | 2177 ||| READING scroll of enchant armour.
  2177 | D:4      | 2177 ||| ENCHANTING +0 ring mail.
  2213 | D:4      | Reached skill level 9 in Ranged Weapons
  2260 | D:4      | Reached XP level 6. HP: 36/36 MP: 8/8
  2351 | D:4      | Found a radiant altar of Vehumet.
  2427 | D:4      | Found a staircase to the Ecumenical Temple.
  2428 | D:4      | 2428 ||| PLANNING TEMPLE
  2428 | D:4      | 2428 ||| DRINKING 2 puce potions.
  2429 | D:4      | 2429 ||| DROPPING potion of brilliance.
  2439 | Temple   | Entered the Ecumenical Temple
  2473 | Temple   | 2473 ||| PLANNING OKAWARU WORSHIP
  2601 | Temple   | Became a worshipper of Warmaster Okawaru
  2602 | Temple   | 2602 ||| PLANNING D:1-11
  2694 | D:4      | Found Lossur's Antique Weapon Boutique.
  2797 | D:4      | 2797 ||| UPGRADING to +0 pair of gloves.
  2802 | D:4      | 2802 ||| READING scroll labelled SUFOGO WEROU.
  2820 | D:5      | Entered Level 5 of the Dungeon
  2829 | D:5      | Reached skill level 10 in Ranged Weapons
  2849 | D:5      | Reached * piety under Okawaru
  2850 | D:5      | Reached skill level 3 in Dodging
  2919 | D:5      | Reached XP level 7. HP: 40/40 MP: 9/9
  3047 | D:5      | Reached skill level 1 in Armour
  3047 | D:5      | Reached skill level 1 in Invocations
  3089 | D:5      | Found a burning altar of Makhleb.
  3134 | D:5      | 3134 ||| Stepping ~*~*~tactically~*~*~ (outnumbered).
  3136 | D:5      | 3136 ||| INVOKING Heroism.
  3137 | D:5      | 3137 ||| Stepping ~*~*~tactically~*~*~ (outnumbered).
  3150 | D:5      | 3150 ||| INVOKING Heroism.
  3312 | D:5      | 3312 ||| FLEEEEING.
  3313 | D:5      | 3313 ||| FLEEEEING.
  3314 | D:5      | 3314 ||| FLEEEEING.
  3315 | D:5      | 3315 ||| FLEEEEING.
  3316 | D:5      | 3316 ||| FLEEEEING.
  3317 | D:5      | 3317 ||| FLEEEEING.
  3318 | D:5      | 3318 ||| FLEEEEING.
  3319 | D:5      | 3319 ||| FLEEEEING.
  3337 | D:5      | Reached skill level 3 in Invocations
  3446 | D:5      | 3446 ||| READING scroll of acquirement.
  3446 | D:5      | 3446 ||| ACQUIRING amulet "Biul Yschyuh" {Reflect Contam
                  | SH+5 SInv Stlth+}
  3446 | D:5      | Acquired the amulet "Biul Yschyuh" {Reflect Contam SH+5
                  | SInv Stlth+}
  3448 | D:5      | 3448 ||| DROPPING amulet of regeneration.
  3471 | D:5      | Found a runed translucent door.
  3472 | D:5      | Noticed Crazy Yiuf
  3537 | D:5      | 3537 ||| INVOKING Heroism.
  3567 | D:5      | 3567 ||| INVOKING Heroism.
  3573 | D:5      | Reached skill level 11 in Ranged Weapons
  3713 | D:5      | 3713 ||| READING scroll labelled MYGHOOQAST.
  3714 | D:5      | 3714 ||| READING 2 scrolls of identify.
  3714 | D:5      | 3714 ||| IDENTIFYING glowing white potion
  3783 | D:6      | 3783 ||| INVOKING Heroism.
  3788 | D:6      | Reached XP level 8. HP: 45/45 MP: 10/13
  3825 | D:6      | Found a basalt altar of Yredelemnul.
  3888 | D:6      | 3888 ||| INVOKING Heroism.
  3910 | D:6      | 3910 ||| INVOKING Heroism.
  3925 | D:6      | Reached skill level 12 in Ranged Weapons
  4087 | D:6      | 4087 ||| INVOKING Heroism.
  4099 | D:6      | Reached skill level 3 in Fighting
  4409 | D:6      | Found a bloodstained altar of Trog.
  4415 | D:6      | Found an opulent altar of Gozag.
  4416 | D:6      | Found a white marble altar of Elyvilon.
  4417 | D:6      | Found a stormy altar of Qazlal.
  4592 | D:6      | 4592 ||| READING scroll labelled DILATY PUHOIT.
  4597 | D:6      | 4597 ||| READING scroll labelled AKHLOI XOLOOF.
  4598 | D:6      | 4598 ||| DRINKING 3 inky potions.
  4599 | D:6      | 4599 ||| READING 3 scrolls of identify.
  4599 | D:6      | 4599 ||| IDENTIFYING ruby potion
  4600 | D:6      | 4600 ||| READING 2 scrolls of identify.
  4600 | D:6      | 4600 ||| IDENTIFYING clear potion
  4601 | D:6      | 4601 ||| DROPPING 2 potions of attraction.
  4602 | D:6      | 4602 ||| DROPPING potion of degeneration.
  4628 | D:7      | 4628 ||| INVOKING Heroism.
  4743 | D:7      | Reached skill level 13 in Ranged Weapons
  4825 | D:7      | 4825 ||| FLEEEEING.
  4944 | D:7      | Found a blossoming altar of Fedhas.
  5095 | D:7      | 5095 ||| Stepping ~*~*~tactically~*~*~ (outnumbered).
  5104 | D:7      | Reached ** piety under Okawaru
  5193 | D:7      | Found a shimmering blue altar of Sif Muna.
  5381 | D:7      | 5381 ||| READING scroll labelled AXE QYAGUMY.
  5382 | D:7      | 5382 ||| DRINKING 2 amethyst potions.
  5383 | D:7      | 5383 ||| READING 4 scrolls of identify.
  5383 | D:7      | 5383 ||| IDENTIFYING smoky pink potion
  5384 | D:7      | 5384 ||| DROPPING potion of lignification.
  5440 | D:8      | 5440 ||| INVOKING Heroism.
  5444 | D:8      | Reached XP level 9. HP: 50/50 MP: 11/14
  5456 | D:8      | Reached skill level 14 in Ranged Weapons
  5498 | D:8      | 5498 ||| SWAPPING to +0 orcbow.
  5512 | D:8      | 5512 ||| DROPPING +1 shortbow of draining.
  5521 | D:8      | Found a shimmering altar of Xom.
  5521 | D:8      | Found a shimmering altar of Xom.
  5526 | D:8      | Found a shimmering altar of Xom.
  5526 | D:8      | Found a shimmering altar of Xom.
  5527 | D:8      | Found a shimmering altar of Xom.
  5527 | D:8      | Found a shimmering altar of Xom.
  5529 | D:8      | Found a shimmering altar of Xom.
  5529 | D:8      | Found a shimmering altar of Xom.
  5530 | D:8      | Found a shimmering altar of Xom.
  5671 | D:8      | 5671 ||| READING scroll of enchant weapon.
  5671 | D:8      | 5671 ||| ENCHANTING +0 orcbow.
  5871 | D:8      | Found a shimmering altar of Xom.
  5872 | D:8      | Found a shimmering altar of Xom.
  5921 | D:8      | Found a sparkling altar of Nemelex Xobeh.
  6338 | D:8      | 6338 ||| UPGRADING to +0 helmet.
  6413 | D:9      | 6413 ||| STAIRDANCE
  6415 | D:8      | 6415 ||| INVOKING Heroism.
  6421 | D:8      | HP: 8/50 [yak (9)]
  6422 | D:8      | Reached skill level 15 in Ranged Weapons
  6422 | D:8      | 6422 ||| READING scroll of teleportation.
  6423 | D:8      | 6423 ||| DRINKING potion of heal wounds.
  6541 | D:9      | 6541 ||| READING scroll of enchant weapon.
  6541 | D:9      | 6541 ||| ENCHANTING +1 orcbow.
  6548 | D:9      | Noticed a two-headed ogre
  6549 | D:9      | 6549 ||| INVOKING Heroism.
  6560 | D:9      | Slain by a two-headed ogre

Levels and vault maps discovered:
D:1:      nicolae_arrival_memento_mori, layout_basic, minmay_misc_feat_iff,
          grunt_decor_junction
D:2:      layout_loops_ring, nicolae_concentric_dashed_squares_wild
D:3:      layout_loops_ring, lemuel_round_altar, chei_slow_surprise,
          general_overflow_altar
D:4:      layout_cave_pools, vehumet_altar_wand_db,
          minmay_temple_entry_crystal_x, serial_shops, nicolae_square_shop
D:5:      layout_gridville, bloody_makhleb, uniq_crazy_yiuf_cottage
D:6:      layout_basic, mainiacjoe_overflow_alcove_3,
          mainiacjoe_overflow_small_starburst
D:7:      layout_basic, lemuel_doored_altar, mainiacjoe_overflow_catwalk,
          reono_crystal_passage
D:8:      layout_basic, xom_shifter_show, nemelex_diamond_rough_becter,
          nicolae_elevator_lobby_asterisk
D:9:      layout_basic, lair_entry_dummy, hangedman_glass_teeth
Temple:   hellmonk_temple_flake

Skill      XL: |  1  2  3  4  5  6  7  8  9 |
---------------+----------------------------+-----
Ranged Weapons | 6 7 8 9 10 11 13 15 | 15.2
Fighting       | 2 3 |  3.6
Dodging        | 3 4 5 |  5.2
Armour         | 1 |  1.1
Invocations    | 4 |  4.0
Stealth        | |  1.2

Action                     |  1- 3 |  4- 6 |  7- 9 || total
---------------------------+-------+-------+-------++-------
   Fire: Shortbow          |   132 |   133 |   212 ||   477
         Orcbow            |       |       |    67 ||    67
 Invoke: Heroism           |       |       |    12 ||    12
    Use: Scroll            |     7 |     4 |    12 ||    23
         Potion            |       |     1 |     3 ||     4
 Armour: Leather armour    |    11 |       |       ||    11
         Ring mail         |       |    12 |    16 ||    28
  Dodge: Dodged            |    31 |    25 |    88 ||   144

Table legend:
 A = Non-vault XP
 B = Vault XP
 C = Vault XP percentage of total XP
 D = Non-vault monster count
 E = Vault monster count
 F = Vault count percentage of total count
                 A         B        C        D         E       F
            +---------+---------+-------+---------+---------+-------
      Total |    4203 |      17 |   0.4 |     146 |       2 |   1.4
            +---------+---------+-------+---------+---------+-------
        D:1 |      25 |       0 |   0.0 |      17 |       0 |   0.0
        D:2 |      52 |       0 |   0.0 |      19 |       0 |   0.0
        D:3 |     121 |      16 |  11.7 |      20 |       1 |   4.8
        D:4 |     284 |       1 |   0.4 |      23 |       1 |   4.2
        D:5 |     869 |       0 |   0.0 |      21 |       0 |   0.0
        D:6 |     662 |       0 |   0.0 |      19 |       0 |   0.0
        D:7 |     753 |       0 |   0.0 |      12 |       0 |   0.0
        D:8 |    1437 |       0 |   0.0 |      15 |       0 |   0.0
            +---------+---------+-------+---------+---------+-------
